 Dungeon Crawl Stone Soup version 0.19.5 (webtiles) character file.

992 tyranidshit the Fighter (level 7, -9/65 HPs)
             Began as a Demonspawn Abyssal Knight on Mar 13, 2017.
             Was a Priest of Lugonu.
             Killed by divine providence
             ... invoked by an orc priest
              (13 damage)
             ... on level 5 of the Dungeon.
             The game lasted 00:09:49 (3143 turns).

tyranidshit the Fighter (Demonspawn Abyssal Knight) Turns: 3143, Time: 00:09:52

Health: -9/65      AC: 11    Str: 14    XL:     7   Next: 98%
Magic:  8/8        EV:  6    Int: 16    God:    Lugonu [***...]
Gold:   255        SH:  0    Dex: 12    Spells: 0 memorised, 6 levels left

rFire  + . .     SeeInvis .     s - +2 dire flail (protect)
rCold  . . .     Gourm    .     f - +0 chain mail
rNeg   . . .     Faith    .     (shield currently unavailable)
rPois  .         Spirit   .     (helmet unavailable)
rElec  .         Reflect  .     r - +0 cloak {+Inv}
rCorr  .         Harm     .     e - +1 pair of gloves
MR     .....                    (no boots)
Stlth  ..........               (no amulet)
                                p - +1 ring of slaying
                                i - +2 ring of intelligence

@: no status effects
A: horns 3, fire resistance 1, flame cloud immunity
a: Depart the Abyss, Bend Space, Banish, Renounce Religion, Evoke Invisibility


You were on level 5 of the Dungeon.
You worshipped Lugonu.
Lugonu was most pleased with you.
You were not hungry.

You visited 1 branch of the dungeon, and saw 5 of its levels.
You visited the Abyss 1 time.

You collected 255 gold pieces.

Inventory:

Hand Weapons
 a - a +1 hand axe
 m - a +2 dagger of protection
 q - a +3 quarterstaff of chaos
 s - a +2 dire flail of protection (weapon)
Missiles
 t - 4 needles of sleeping
Armour
 b - a +0 leather armour
 e - a +1 pair of gloves (worn)
 f - a +0 chain mail (worn)
 r - a +0 cloak of invisibility (worn)
Jewellery
 i - a +2 ring of intelligence (left hand)
 p - a +1 ring of slaying (right hand)
Wands
 d - a wand of acid (9/15)
 n - a wand of paralysis (11/24)
Scrolls
 u - a scroll of remove curse
 v - 2 scrolls of identify
 w - a scroll of amnesia
Potions
 h - a potion of brilliance
 j - 2 potions of cure mutation
Comestibles
 c - 3 bread rations
 g - a beef jerky
 k - a slice of pizza
 o - a meat ration


   Skills:
 + Level 9.7 Fighting
 - Level 1.7 Axes
 - Level 1.7 Armour
 - Level 0.8 Dodging
 - Level 2.4 Invocations


You had 6 spell levels left.
You didn't know any spells.

Dungeon Overview and Level Annotations

Branches:
Dungeon (5/15)
 Temple: D:4-7

Altars:
Nemelex Xobeh
Qazlal
Sif Muna


Innate Abilities, Weirdness & Mutations

You have a pair of large horns on your head.
Your flesh is heat resistant. (rF+)
You are immune to clouds of flame.


Message History

The orc splashes around in the water.
The orc priest calls down the wrath of Beogh upon you.
Beogh smites you!
* * * LOW HITPOINT WARNING * * *
You are too injured to fight recklessly!
Okay, then.
As you read the scroll of teleportation, it crumbles to dust.
You feel strangely unstable. The orc hits you but does no damage.
The orc priest calls upon Beogh to heal the orc.
The orc is healed somewhat.
The orc priest mumbles some strange prayers to Beogh against you.
Beogh smites you!
* * * LOW HITPOINT WARNING * * *
You enter the shallow water.
Moving in this stuff is going to be slow.
Your surroundings suddenly seem different.
The orc priest begins to cast a cantrip, but forgets the words!
The orc priest invokes the aid of Beogh against you.
Beogh smites you!
You die...

♣≈.≈ ♣≈.≈♣ ♣≈..#
♣≈≈≈♣♣♣≈≈≈♣♣♣≈..#
≈≈≈.≈≈≈≈≈≈≈≈≈≈≈≈.#
..≈.≈≈≈..≈..oo≈≈.#
≈≈≈≈≈≈≈≈≈.≈≈≈≈≈o.....
≈.≈♣♣♣≈≈≈♣♣♣≈≈.####
≈≈≈ ♣≈≈≈♣ ♣≈..# ≈.
♣≈≈≈♣♣♣≈≈#####.#
≈≈≈.≈≈≈≈≈≈@.....#
....≈≈≈≈≈.≈#######
≈≈≈≈≈≈≈≈≈≈.# .≈♣♣♣≈.
≈ ♣≈≈ ♣≈≈ ≈≈≈ ≈≈.


You could see an orc priest and 2 orcs.

Vanquished Creatures
  The ghost of Lizzreth the Slasher, an amateur DrGl (D:4)
  Sigmund (D:2)
  Edmund (D:4)
  The ghost of tyranidshit the Skirmisher, an amateur DsAK of Lugonu (D:3)
  Blork the orc (D:4)
  A gnoll shaman (D:4)
  An orc priest (D:3)
  Crazy Yiuf (D:2)
  3 worker ants (D:4)
  7 gnolls
  4 adders
  An ooze (D:4)
  An adder skeleton (D:4)
  3 worms
  2 dart slugs
  3 leopard geckos
  9 orcs
  A ball python (D:4)
  9 bats
  5 giant cockroaches
  9 goblins
  12 hobgoblins
  4 jackals (D:3)
  5 kobolds
  A quokka (D:2)
  4 frilled lizards
  3 rats
94 creatures vanquished.

Notes
Turn   | Place    | Note
-------+----------+-------------------------------------------
     0 | Abyss:1  | tyranidshit the Demonspawn Abyssal Knight began the quest for the Orb.
     0 | Abyss:1  | Reached XP level 1. HP: 18/18 MP: 2/2
    30 | Abyss:2  | Noticed a smoke demon
    33 | D:1      | Escaped the Abyss
   307 | D:1      | Gained mutation: You have a pair of small horns on your head. [demonic ancestry]
   307 | D:1      | Reached XP level 2. HP: 12/24 MP: 3/3
   308 | D:1      | Reached * piety under Lugonu
   595 | D:1      | Reached skill level 4 in Fighting
   958 | D:2      | Reached XP level 3. HP: 30/30 MP: 4/4
  1065 | D:2      | Found a faded altar of an unknown god.
  1111 | D:2      | Noticed Sigmund
  1126 | D:2      | Killed Sigmund
  1126 | D:2      | Reached skill level 6 in Fighting
  1126 | D:2      | Gained mutation: You have a pair of horns on your head. [demonic ancestry]
  1126 | D:2      | Reached XP level 4. HP: 9/40 MP: 5/5
  1126 | D:2      | Gained mutation: Your flesh is heat resistant. (rF+) [demonic ancestry]
  1126 | D:2      | Reached XP level 5. HP: 10/46 MP: 6/6
  1266 | D:2      | Found a stormy altar of Qazlal.
  1323 | D:2      | Found a sparkling altar of Nemelex Xobeh.
  1529 | D:2      | Found a runed door.
  1533 | D:2      | Noticed Crazy Yiuf
  1547 | D:2      | Killed Crazy Yiuf
  1615 | D:3      | Noticed tyranidshit's ghost (amateur DsAK)
  1729 | D:3      | Reached ** piety under Lugonu
  1862 | D:3      | Gained mutation: You have a pair of large horns on your head. [demonic ancestry]
  1862 | D:3      | Reached XP level 6. HP: 42/53 MP: 7/7
  1867 | D:3      | Reached skill level 7 in Fighting
  2140 | D:3      | Killed tyranidshit's ghost
  2243 | D:3      | Found a deep blue altar of Sif Muna.
  2447 | D:4      | Noticed Blork the orc
  2460 | D:4      | Killed Blork the orc
  2479 | D:4      | Noticed Edmund
  2486 | D:4      | Killed Edmund
  2486 | D:4      | Reached skill level 8 in Fighting
  2486 | D:4      | Gained mutation: You are immune to clouds of flame. [demonic ancestry]
  2486 | D:4      | Reached XP level 7. HP: 38/63 MP: 8/8
  2598 | D:4      | Noticed Lizzreth's ghost (amateur DrGl)
  2616 | D:4      | Killed Lizzreth's ghost
  2616 | D:4      | Reached skill level 9 in Fighting
  2754 | D:4      | Reached *** piety under Lugonu
  3061 | D:5      | Entered Level 5 of the Dungeon
  3142 | D:5      | HP: 3/65 [orc priest/divine providence (11)]
  3143 | D:5      | Killed from afar by an orc priest

Skill      XL: |  1  2  3  4  5  6  7 |
---------------+----------------------+-----
Fighting       | 4 6 8 9 |  9.7
Axes           | |  1.7
Armour         | |  1.7
Dodging        | |  0.8
Invocations    | |  2.4

Action                   |  1- 3 |  4- 6 |  7- 9 || total
-------------------------+-------+-------+-------++-------
Melee: Hand axe          |    93 |    48 |       ||   141
       Headbutt          |    12 |    19 |    14 ||    45
       Quarterstaff      |       |    64 |       ||    64
       Dagger            |       |    14 |       ||    14
       Dire flail        |       |     7 |    81 ||    88
Invok: Depart the Abyss  |     1 |       |       ||     1
  Use: Scroll            |     2 |     6 |     1 ||     9
       Potion            |     1 |     6 |     1 ||     8
 Stab: Petrified         |       |     7 |       ||     7
  Eat: Bread ration      |       |     2 |       ||     2
Armor: Chain mail        |    64 |    78 |    55 ||   197
Dodge: Dodged            |    35 |    51 |    16 ||   102
